 Dungeon Crawl Stone Soup version 0.31-a0-263-ge8cad7f256 (webtiles) character file.

Game seed: 2772849578511244952

302 qw the Shooter (level 6, -2/37 HPs)
             Began as a Gargoyle Hexslinger on July 13, 2023.
             Slain by a black bear (10 damage)
             ... on level 4 of the Dungeon.
             The game lasted 00:01:04 (3286 turns).

qw the Shooter (Gargoyle Hexslinger)                Turns: 3286, Time: 00:01:05

Health: -2/37      AC: 11    Str: 12    XL:     6   Next: 37%
Magic:  7/7        EV: 10    Int: 13    God:
Gold:   284        SH:  0    Dex: 14    Spells: 6/7 levels left

rFire   . . .        Y - +0 orcbow
rCold   . . .        (shield currently unavailable)
rNeg    + . .        h - +0 ring mail
rPois   inf          (no helmet)
rElec   +            d - +0 cloak
rCorr   .            j - +0 pair of gloves
SInv    .            (no boots)
Will    .....        (no amulet)
Stlth   +            (no ring)
HPRegen 0.26/turn    (no ring)
MPRegen 0.10/turn

%: no passive effects
@: no status effects
A: sickness immunity, AC +4, negative energy resistance 1, electricity
resistance, torment resistance 1, petrification resistance
a: no special abilities


You were on level 4 of the Dungeon.
You visited 1 branch of the dungeon, and saw 4 of its levels.

You collected 284 gold pieces.


Innate Abilities, Weirdness & Mutations

You are immune to sickness and miasma.
Your stone body is resilient. (AC +4)
You are immune to poison.
You resist negative energy. (rN+)
You are resistant to electric shocks. (rElec)
You are resistant to unholy torment.
You are immune to petrification.


   Skills:
 - Level 3.0 Fighting
 + Level 5.8 Ranged Weapons
 - Level 1.0 Armour
 - Level 1.5 Dodging
 - Level 1.0 Spellcasting
 - Level 2.6 Hexes


You had 6 spell levels left.
You knew the following spells:

 Your Spells              Type           Power      Damage    Failure   Level
a - Slow                  Hex            28%        N/A       22%         1

Your spell library contained the following spells:

 Spells                   Type           Power      Damage    Failure   Level
 Inner Flame              Hex/Fire       4%         N/A       73%         3
 Portal Projectile        Hex/Tloc       8%         N/A       73%         3
 Cause Fear               Hex            3%         N/A       91%         4

Inventory:

Hand Weapons
 Y - a +0 orcbow (weapon)
Armour
 c - a +2 robe of cold resistance
 d - a +0 cloak (worn)
 h - a +0 ring mail (worn)
 j - a +0 pair of gloves (worn)
Jewellery
 a - a ring of ice
 l - a +6 ring of strength
 n - a ring of willpower
Wands
 b - a wand of digging (3)
Scrolls
 e - 2 scrolls of identify
 g - 4 scrolls of teleportation
 m - a scroll of fog {unknown}
Potions
 f - a potion of mutation {unknown}
 i - 2 potions of lignification {unknown}
 k - a potion of enlightenment {unknown}
 o - a potion of heal wounds {unknown}

Dungeon Overview and Level Annotations

Branches:
Dungeon (4/15)
 Temple: D:4-7

Altars:
Cheibriados
Dithmenos
Makhleb
Okawaru
Xom

Annotations:
D:2 1 runed translucent door, Crazy Yiuf
D:4 2 runed translucent doors, qw's ghost, weakling MiHs


Message History

The arrow completely misses the black bear.
The giant cockroach bites you but does no damage.
The black bear bites you but does no damage.
The black bear claws you.
The black bear claws you but does no damage.
The giant cockroach closely misses you.
You shoot an arrow.
The arrow hits the black bear but does no damage.
The black bear is heavily wounded.
The black bear bites you but does no damage.
The black bear barely misses you.
The black bear claws you but does no damage.
The giant cockroach closely misses you.
You shoot an arrow. The arrow hits the black bear.
The black bear is severely wounded.
The giant cockroach closely misses you. The black bear barely misses you.
The black bear claws you but does no damage.
The black bear barely misses you.
The giant cockroach bites you but does no damage.
The black bear bites you but does no damage.
The black bear claws you but does no damage. x2
You shoot an arrow. The arrow hits the black bear.
The black bear is almost dead.
The giant cockroach barely misses you.
The black bear goes berserk!
The giant cockroach barely misses you.
You shoot an arrow. The arrow hits the black bear.
The black bear is almost dead.
The black bear completely misses you. The black bear closely misses you.
The black bear barely misses you. x2; The black bear claws you.
The black bear claws you but does no damage.
The giant cockroach barely misses you.
You shoot an arrow.
The arrow hits the black bear but does no damage.
The black bear is almost dead.
The black bear closely misses you.
The black bear claws you but does no damage.
The black bear claws you.
The giant cockroach bites you but does no damage.
The black bear bites you!
You die...

#........# #.# .....#..#..##.#
#.##### ...# #...........#.#
#.....# .... ..............#.#
#.....# ##..#
..##....#.#....#.####.....#
.#..##...........................
.#...............................
................B.....(####......
........####.#.h@#####.# #......
.............###.....#.# ##.#####
.#..##..#....##...##.#.# #.......
.##.##.##....##..'####.###..#####
.....#.##....##..#...#......# #
..#..#...........#._.#.###+## #
.......###.......#...#......#####
..#......+.......#¤~¤#...........
.##.######.......#...#.......####


You could see a black bear (berserk) and a giant cockroach.

Vanquished Creatures
  A jelly (D:4)
  A howler monkey (D:4)
  Jessica (D:3)
  Natasha (twice) (D:2)
  Ijyb (D:3)
  Terence (D:2)
  3 adders
  A worm (D:2)
  2 dart slugs
  An orc (D:3)
  4 ball pythons
  6 endoplasms
  2 giant cockroaches
  2 goblins
  4 hobgoblins
  7 jackals
  4 bats
  5 frilled lizards
  9 kobolds
  5 rats
62 creatures vanquished.

Notes
Turn   | Place    | Note
-------+----------+-------------------------------------------
     0 | D:1      | qw the Gargoyle Hexslinger began the quest for the Orb.
     0 | D:1      | Reached XP level 1. HP: 12/12 MP: 2/2
     0 | D:1      | 0 ||| qw: Version: 0.3-a-52-g30416fa
     0 | D:1      | 0 ||| qw: Game counter: 7318
     0 | D:1      | 0 ||| qw: Melee chars always use a shield: true
     0 | D:1      | 0 ||| qw: God list: Okawaru
     0 | D:1      | 0 ||| qw: Allow faded altars: false
     0 | D:1      | 0 ||| qw: Do Orc after clearing Dungeon:15 true
     0 | D:1      | 0 ||| qw: Do second Lair branch before Depths: true
     0 | D:1      | 0 ||| qw: Lair rune preference: random
     0 | D:1      | 0 ||| qw: Goals: Normal
     0 | D:1      | 0 ||| PLANNING D:1-11
   257 | D:1      | 257 ||| FLEEEEING.
   262 | D:1      | Reached XP level 2. HP: 15/16 MP: 3/3
   508 | D:1      | Reached skill level 3 in Ranged Weapons
   707 | D:1      | Found a faded altar of an unknown god.
   902 | D:1      | 902 ||| UPGRADING to +0 ring mail.
   912 | D:1      | 912 ||| DROPPING +0 robe.
   913 | D:1      | 913 ||| UPGRADING to +0 pair of gloves.
   918 | D:1      | 918 ||| READING 2 scrolls labelled UTOT KINOU.
   919 | D:1      | 919 ||| READING scroll of enchant weapon.
   919 | D:1      | 919 ||| ENCHANTING +2 sling.
   920 | D:1      | 920 ||| READING 2 scrolls labelled SAITAB JESOFE.
   921 | D:1      | 921 ||| DROPPING scroll of poison.
   955 | D:2      | Noticed Terence
   962 | D:2      | Killed Terence
   963 | D:2      | Reached XP level 3. HP: 22/22 MP: 4/4
   991 | D:2      | Found a shimmering altar of Xom.
  1181 | D:2      | Reached skill level 1 in Armour
  1181 | D:2      | 1181 ||| Stepping ~*~*~tactically~*~*~ (outnumbered).
  1183 | D:2      | 1183 ||| Stepping ~*~*~tactically~*~*~ (outnumbered).
  1268 | D:2      | Reached XP level 4. HP: 27/27 MP: 5/5
  1361 | D:2      | Noticed Natasha
  1369 | D:2      | Killed Natasha
  1474 | D:2      | 1474 ||| SWAPPING to +0 orcbow.
  1477 | D:2      | 1477 ||| DROPPING +3 sling.
  1514 | D:2      | Found a runed translucent door.
  1515 | D:2      | Noticed Crazy Yiuf
  1532 | D:2      | Noticed Natasha
  1540 | D:2      | Killed Natasha
  1541 | D:2      | Reached skill level 4 in Ranged Weapons
  1541 | D:2      | Reached XP level 5. HP: 21/31 MP: 6/6
  1948 | D:2      | 1948 ||| READING 3 scrolls labelled WYNNUSHR KOAMY.
  1949 | D:2      | 1949 ||| READING scroll labelled ZAIPTAESIO.
  1991 | D:2      | 1991 ||| DROPPING 2 scrolls of fear.
  2066 | D:3      | Noticed Ijyb
  2076 | D:3      | Killed Ijyb
  2098 | D:3      | Found the +5 woodcutter's axe
  2415 | D:3      | Found a burning altar of Makhleb.
  2510 | D:3      | Noticed Jessica
  2517 | D:3      | Killed Jessica
  2518 | D:3      | Reached skill level 5 in Ranged Weapons
  2547 | D:3      | Found a snail-covered altar of Cheibriados.
  2766 | D:3      | 2766 ||| UPGRADING to +0 cloak.
  2771 | D:3      | 2771 ||| READING scroll labelled TEELLU MIDEDGH.
  2772 | D:3      | 2772 ||| DRINKING 2 sapphire potions.
  2773 | D:3      | 2773 ||| DROPPING potion of magic.
  2863 | D:4      | Found a runed translucent door.
  2864 | D:4      | Noticed qw's ghost (weakling MiHs)
  2870 | D:4      | Found a shadowy altar of Dithmenos.
  2870 | D:4      | Found an iron altar of Okawaru.
  2871 | D:4      | 2871 ||| PLANNING OKAWARU WORSHIP
  2959 | D:4      | Reached skill level 3 in Fighting
  3128 | D:4      | Found a runed translucent door.
  3143 | D:4      | Reached XP level 6. HP: 32/37 MP: 7/7
  3269 | D:4      | Noticed a black bear
  3286 | D:4      | HP: 8/37 [black bear (2)]
  3286 | D:4      | Slain by a black bear

Levels and vault maps discovered:
D:1:      nzn_arrival_depleted_hourglass, layout_basic,
          shapermc_ecumenical_altar_mp_vishouse, nicolae_eternal_life
D:2:      minmay_wonky_spiral, layout_basic, basic_altar, minmay_hedge_maze,
          chequers_serial_rivers_room_b, lexackson_kobold_supper, uniq_terence,
          uniq_crazy_yiuf_cottage, uniq_natasha
D:3:      layout_basic, mainiacjoe_overflow_concentric_impassable,
          bloody_makhleb, uniq_ijyb, uniq_jessica
D:4:      layout_basic, mainiacjoe_overflow_divided_tiny, ebering_ghost_sewer_f

Skill      XL: |  1  2  3  4  5 |
---------------+----------------+-----
Ranged Weapons | 3 4 5 |  5.8
Fighting       | 2 3 |  3.0
Armour         | 1 |  1.0
Dodging        | |  1.5
Spellcasting   | |  1.0
Hexes          | |  2.6

Action                     |  1- 3 |  4- 6 || total
---------------------------+-------+-------++-------
   Fire: Sling             |    88 |    24 ||   112
         Orcbow            |       |   114 ||   114
    Use: Scroll            |     3 |     3 ||     6
         Potion            |       |     1 ||     1
 Armour: Robe              |     6 |       ||     6
         Ring mail         |     5 |    78 ||    83
  Dodge: Dodged            |    16 |   107 ||   123

Table legend:
 A = Non-vault XP
 B = Vault XP
 C = Vault XP percentage of total XP
 D = Non-vault monster count
 E = Vault monster count
 F = Vault count percentage of total count
                 A         B        C        D         E       F
            +---------+---------+-------+---------+---------+-------
      Total |     284 |     148 |  34.3 |      50 |      12 |  19.4
            +---------+---------+-------+---------+---------+-------
        D:1 |      23 |       0 |   0.0 |      14 |       0 |   0.0
        D:2 |      66 |      78 |  54.2 |      16 |      10 |  38.5
        D:3 |      48 |      70 |  59.3 |      13 |       2 |  13.3
        D:4 |     147 |       0 |   0.0 |       7 |       0 |   0.0
            +---------+---------+-------+---------+---------+-------
